 Dungeon Crawl Stone Soup version 0.29.1-15-g9cfb28693d (webtiles) character file.

Game seed: 7165398616718060561

107 Eitelfritz the Chopper (level 4, -1/40 HPs)
             Began as a Hill Orc Fighter on Apr 25, 2023.
             Killed by nerve-wracking pain
             ... invoked by an orc priest
              (3 damage)
             ... on level 3 of the Dungeon.
             The game lasted 00:02:52 (2173 turns).

Eitelfritz the Chopper (Hill Orc Fighter)           Turns: 2173, Time: 00:02:53

Health: -1/40      AC:  8    Str: 20    XL:     4   Next: 85%
Magic:  4/4        EV:  9    Int: 11    God:
Gold:   59         SH:  4    Dex: 10    Spells: 3/3 levels left

rFire   . . .      SeeInvis .   a - +0 war axe
rCold   + . .      Faith    .   c - +0 buckler
rNeg    . . .      Spirit   .   f - +0 scale mail
rPois   .          Reflect  .   i - +0 helmet {Int+3}
rElec   .          Harm     .   (no cloak)
rCorr   .          Rampage  .   (no gloves)
Will    .....                   (no boots)
Stlth   ..........              (no amulet)
HPRegen 0.13/turn               l - ring of protection from cold
MPRegen 0.09/turn               (no ring)

@: mighty
A: no striking features
a: Convert to Beogh


You were on level 3 of the Dungeon.
You visited 1 branch of the dungeon, and saw 3 of its levels.

You collected 59 gold pieces.

Inventory:

Hand Weapons
 a - a +0 war axe (weapon)
 b - a +0 sling
Armour
 c - a +0 buckler (worn)
 f - a +0 scale mail (worn)
 i - a +0 helmet of intelligence (worn)
 m - a +0 tower shield
 s - a +0 kite shield
Jewellery
 l - a ring of protection from cold (left hand)
 q - an amulet of faith
Scrolls
 e - 4 scrolls of identify {unknown}
 g - a scroll of immolation {unknown}
 h - a scroll of amnesia {unknown}
 k - a scroll of blinking {unknown}
 n - a scroll of magic mapping {unknown}
 o - a scroll of torment {unknown}
 p - a scroll of silence {unknown}
 u - 2 scrolls of poison {unknown}
 v - a scroll of teleportation {unknown}
 w - a scroll of enchant armour {unknown}
 y - a scroll of noise {unknown}
Potions
 j - 2 potions of heal wounds {unknown}
 r - a potion of flight {unknown}
 t - a potion of brilliance {unknown}
 x - 2 potions of curing {unknown}


   Skills:
 + Level 4.0 Fighting
 + Level 5.0 Axes
 + Level 4.0 Armour
 + Level 0.6 Dodging
 + Level 0.1 Stealth
 + Level 3.5 Shields


You had 3 spell levels left.
You didn't know any spells.
Your spell library contained the following spells:

 Spells                   Type           Power      Damage    Failure   Level
 Gell's Gravitas          Tloc           0%         N/A       98%         3
 Teleport Other           Tloc           0%         N/A       98%         3
 Dispersal                Tloc           0%         N/A       100%        6


Dungeon Overview and Level Annotations

Branches:
Dungeon (3/15)

Altars:


Message History

The orc priest begins to cast a cantrip, but forgets the words!
The rat closely misses you. You block the rat's attack.
The orc priest invokes the aid of Beogh against you.
Beogh smites you!
* * * LOW HITPOINT WARNING * * *
You closely miss the orc. You hit the rat.
You kill the rat!
The orc priest casts a cantrip, but nothing happens.
The orc barely misses you.
Unknown command.
You slash the orc priest!
The orc priest is severely wounded.
You hit the orc.
The orc priest threatens, "By the altar or by the axe, you will meet Beogh!"
The orc priest hits you with a +0 hand axe.
* * * LOW HITPOINT WARNING * * *
The orc hits you with a +0 hand axe.
* * * LOW HITPOINT WARNING * * *
You feel very mighty all of a sudden.
The orc priest hits you with a +0 hand axe.
* * * LOW HITPOINT WARNING * * *
The orc priest calls upon Beogh to heal the orc.
The orc is healed somewhat.
The orc hits you but does no damage. The orc hits you with a +0 hand axe.
* * * LOW HITPOINT WARNING * * *
You slash the orc priest!
You kill the orc priest!
You slash the orc!
You kill the orc!
You slash the orc!
You kill the orc!
The orc priest looks encouraged for a moment.
The orc priest casts a cantrip, but nothing happens.
Your Fighting skill increases to level 4!
Your Axes skill increases to level 5!
Your Armour skill increases to level 4!
Unknown command.
The orc priest invokes the aid of Beogh against you.
Pain shoots through your body!
You die...

.#.................#
##...#######.......#
.. ##......#
#.....># #....$.#
#......# #......#
####......#
#..)@)...##
#.##...$.# # o#.####
.. .# ##. .# .. .#
## .# .#


You could see an orc priest.

Vanquished Creatures
  An orc priest (D:3)
  2 adders
  A worm (D:3)
  3 dart slugs
  4 orcs (D:3)
  4 ball pythons
  7 endoplasms
  A giant cockroach (D:3)
  2 goblins
  6 hobgoblins
  5 bats
  3 frilled lizards
  4 kobolds
  2 rats
45 creatures vanquished.

Notes
Turn   | Place    | Note
-------+----------+-------------------------------------------
     0 | D:1      | Eitelfritz the Hill Orc Fighter began the quest for the
                  | Orb.
     0 | D:1      | Reached XP level 1. HP: 19/19 MP: 1/1
    69 | D:1      | Reached XP level 2. HP: 19/26 MP: 2/2
   188 | D:1      | Reached skill level 3 in Axes
   755 | D:1      | Reached XP level 3. HP: 33/33 MP: 3/3
  1277 | D:2      | Reached skill level 4 in Axes
  1725 | D:2      | Found a faded altar of an unknown god.
  1945 | D:3      | Reached XP level 4. HP: 37/40 MP: 4/4
  2171 | D:3      | HP: 2/40 [orc/+0 hand axe (3)]
  2173 | D:3      | Reached skill level 5 in Axes
  2173 | D:3      | Killed from afar by an orc priest

Illustrated notes

Levels and vault maps discovered:
D:1:      sevenhm_arrival_forest_fort_small_5, layout_basic, st_stairs_10
D:2:      layout_basic, hellmonk_ecumenical_altar_inner_sanctum
D:3:      layout_basic

Skill      XL: |  1  2  3  4 |
---------------+-------------+-----
Axes           | 3 4 5 |  5.0
Fighting       | 4 |  4.0
Armour         | 4 |  4.0
Dodging        | |  0.6
Stealth        | |  0.1
Shields        | |  3.5

Action                   |  1- 3 |  4- 6 || total
-------------------------+-------+-------++-------
Melee: War axe           |    99 |    16 ||   115
  Use: Potion            |       |     1 ||     1
Armor: Scale mail        |    75 |     6 ||    81
Dodge: Dodged            |    58 |     6 ||    64
Block: Buckler           |    18 |     5 ||    23
